 Dungeon Crawl Stone Soup version 0.18-a0-1078-gebb93d0 (webtiles) character file.

12432 ErgoProxy the Destroyer (level 11, -2/89 HPs)
             Began as a Black Draconian Wizard on Jan 14, 2016.
             Was an Elder of Vehumet.
             Shot with an arrow of frost by a centaur warrior (19 damage)
             ... on level 11 of the Dungeon.
             The game lasted 01:43:16 (22710 turns).

ErgoProxy the Destroyer (Black Draconian Wizard)   Turns: 22710, Time: 01:43:16

Health: -2/89      AC: 11    Str: 10    XL:     11   Next: 62%
Magic:  2/17       EV: 14    Int: 22    God:    Vehumet [****..]
Gold:   774        SH:  2    Dex:  8    Spells: 6 memorised, 2 levels left

rFire  + . .     SeeInvis +     b - +2 rapier of Yrruwies {venom, rF+ rN++ MR+ Dex-4}
rCold  . . .     Gourm    .     (armour unavailable)
rNeg   + + .     Faith    .     (no shield)
rPois  .         Spirit   .     Q - +2 hat
rElec  +         Dismiss  .     G - +0 cloak
rCorr  .         Reflect  +     L - +0 pair of gloves
SustAt .         Harm     .     (no boots)
MR     ++...                    y - +2 amulet of reflection
Stlth  +.........               x - ring of wizardry
                                e - ring "Weorak" {rElec Int+3 SInv}

@: slowed, repel missiles, very slow, very resistant to hostile enchantments,
very unstealthy
A: breathe lightning, unfitting armour, magic resistance 1, mutation resistance
1, electricity resistance, cold-blooded, AC +7
a: Breathe Lightning, Renounce Religion


You were on level 11 of the Dungeon.
You worshipped Vehumet.
Vehumet was greatly pleased with you.
You were very hungry.

You visited 2 branches of the dungeon, and saw 12 of its levels.

You collected 774 gold pieces.

Inventory:

Hand Weapons
 a - a +0 blowgun
 b - the +2 rapier of Yrruwies (weapon) {venom, rF+ rN++ MR+ Dex-4}
   (You found it on level 5 of the Dungeon)

   It poisons the flesh of those it strikes.
   It affects your dexterity (-4).
   It protects you from fire.
   It greatly protects you from negative energy.
   It affects your resistance to hostile enchantments.
 i - a +0 dagger
Missiles
 t - 68 poisoned needles
 u - 5 curare-tipped needles
 A - a throwing net (quivered)
Armour
 G - a +0 cloak (worn)
 J - the +9 armour of the Dragon King {rPois rF+ rC+ MR+}
   (You found it on level 6 of the Dungeon)

   It protects you from fire.
   It protects you from cold.
   It protects you from poison.
   It affects your resistance to hostile enchantments.
 L - a +0 pair of gloves (worn)
 Q - a +2 hat (worn)
Jewellery
 e - the ring "Weorak" (left hand) {rElec Int+3 SInv}
   (You found it on level 4 of the Dungeon)

   [ring of see invisible]

   It affects your intelligence (+3).
   It insulates you from electricity.
   It lets you see invisible.
 v - an uncursed ring of resist corrosion
 x - a ring of wizardry (right hand)
 y - a +2 amulet of reflection (around neck)
 H - an uncursed ring of flight
 O - an uncursed ring of poison resistance
Wands
 h - a wand of cold (4/15)
 r - a wand of teleportation (0/9)
 C - a wand of flame (21/48)
 F - a wand of paralysis (14/24)
 P - a wand of slowing (15/48)
 R - a wand of magic darts (13/48)
Scrolls
 f - a scroll of identify
 j - 3 scrolls of enchant weapon
 n - 5 scrolls of remove curse
 q - a scroll of fear
 E - a scroll of fog
 I - a scroll of teleportation
Potions
 d - 4 potions of flight
 k - 3 potions of brilliance
 o - 3 potions of cancellation
 s - 2 potions of agility
 w - a potion of magic
 B - a potion of invisibility
 D - 3 potions of lignification
 K - a potion of ambrosia
Books
 g - a book of Minor Magic

   Spells                             Type                      Level
   a - Magic Dart                     Conjuration                  1
   b - Blink                          Translocation                2
   c - Call Imp                       Summoning                    2
   d - Repel Missiles                 Charms/Air                   2
   e - Slow                           Hexes                        2
   f - Conjure Flame                  Conjuration/Fire             3
   g - Mephitic Cloud                 Conjuration/Poison/Air       3
 N - the Compendium of Execration
   (You found it on level 7 of the Dungeon)

   Spells                             Type                      Level
   a - Gell's Gravitas                Hexes/Translocation          3
   b - Metabolic Englaciation         Hexes/Ice                    5
   c - Silence                        Hexes/Air                    5
Comestibles
 c - 5 bread rations
 l - 11 fruits
 m - a royal jelly
 p - 5 meat rations
 z - 2 beef jerkies
 M - 8 slices of pizza


   Skills:
 + Level 5.7 Fighting
 + Level 7.3 Dodging
 - Level 1.7 Stealth
 - Level 4.1 Spellcasting
 + Level 11.5 Conjurations
 - Level 3.1 Hexes
   Level 1.0 Summonings
 + Level 1.9 Translocations
 + Level 5.3 Fire Magic
 - Level 10.0 Air Magic


You had 2 spell levels left.
You knew the following spells:

 Your Spells              Type           Power        Failure   Level  Hunger
a - Magic Dart            Conj           ####         1%          1    None
b - Mephitic Cloud        Conj/Pois/Air  #####...     1%          3    ##.....
c - Blink                 Tloc           N/A          4%          2    #......
d - Conjure Flame         Conj/Fire      #####...     1%          3    ##.....
e - Repel Missiles        Chrm/Air       ####..       1%          2    #......
f - Silence               Hex/Air        ####......   9%          5    ######.


Dungeon Overview and Level Annotations

Branches:
Dungeon (11/15)            Temple (1/1) D:6            Lair (0/8) D:9
    Orc (0/2) D:9

Altars:
Ashenzari
Cheibriados
Dithmenos
Elyvilon
Fedhas
Gozag
Kikubaaqudgha
Makhleb
Nemelex Xobeh
Okawaru
Pakellas
Qazlal
Ru
Sif Muna
Trog
Vehumet
Xom
Yredelemnul
Zin
The Shining One

Shops:
D:10 *


Innate Abilities, Weirdness & Mutations

You can breathe wild blasts of lightning.
Your glossy black scales are hard (AC +7).
Your body does not fit into most forms of armour.
You are resistant to electric shocks.
You are cold-blooded and may be slowed by cold attacks.
You are resistant to hostile enchantments.
You are somewhat resistant to further mutation.


Message History

You see here an arrow of frost.
You see here an arrow of frost.
You see here an arrow of frost.
The centaur warrior shoots an arrow of frost.
The arrow of frost is repelled.
You see here an arrow of frost.
The centaur warrior shoots an arrow of frost.
The arrow of frost hits you.
* * * LOW HITPOINT WARNING * * *
You feel yourself slow down. The arrow of frost freezes you.
* * * LOW HITPOINT WARNING * * *
You see here an arrow of frost.
Casting: Conjure Flame
Confirm with . or Enter, or press ? or * to list all spells.
Aiming: Conjure Flame
Press: ? - help, Dir - move target cursor The fire roars!
The centaur warrior shoots an arrow of frost.
The arrow of frost hits you!!
You die...

#.# #≈.≈≈≈≈≈≈≈≈≈≈≈≈≈
#§######≈.......≈≈≈≈≈≈≈
#z##...#≈.≈≈≈≈≈.≈≈≈≈≈≈≈
#5##...#≈.≈≈≈≈≈.≈≈≈≈≈≈≈
#.##...#≈.≈≈≈≈≈.≈≈≈≈≈≈≈
#.##...'..≈≈≈≈≈.≈≈≈≈≈≈≈
#......#≈≈≈≈≈≈≈.≈≈≈≈≈≈≈
###'#.#.##≈≈≈≈≈≈≈.≈≈≈≈≈≈≈
#..>....@§z((.((........(
#.......##≈≈c≈≈.≈≈≈≈≈≈≈≈≈
#......###≈≈≈≈≈.≈≈≈≈≈≈≈≈≈
#......# #≈≈≈≈≈.≈≈≈≈≈≈≈..
#......# #≈≈≈≈≈.≈≈≈≈≈≈≈.≈
#......# #≈≈≈≈..........≈
#.(....# #≈≈≈≈..≈≈≈≈≈≈≈≈≈
#.(....# #≈≈≈≈..≈≈≈≈≈....
#......# #≈≈≈≈..≈≈≈≈≈.≈(≈


You could see a skeletal warrior and a centaur warrior.

Vanquished Creatures
  A centaur warrior (D:11)
  A skeletal warrior (D:11)
  2 hill giants
  2 cyclopes (D:10)
  2 trolls
  A polar bear (D:8)
  A two-headed ogre (D:10)
  Grinder (D:6)
  A hill giant zombie (D:9)
  A water elemental (D:11)
  Eustachio (D:4)
  A human (D:9)
  11 yaks
  2 basilisks
  Grum (D:9)
  3 hippogriffs
  4 wolves
  A water moccasin (D:8)
  2 porcupines (D:9)
  An orc warrior (D:10)
  2 sky beasts
  A black bear (D:8)
  2 necrophages
  3 ogres
  8 phantoms
  4 centaurs
  Blork the orc (D:4)
  10 giant frogs
  2 big kobolds
  A wyvern skeleton (D:8)
  9 killer bees
  2 wights
  3 electric eels
  3 crimson imps
  3 giant frog zombies
  4 jellies
  9 orc priests
  10 hounds
  3 centaur zombies
  3 centaur skeletons
  Crazy Yiuf (D:6)
  A giant frog skeleton (D:11)
  Terence (D:2)
  Jessica (D:2)
  5 iguanas
  Ijyb (D:3)
  Natasha (twice) (D:1)
  5 orc wizards
  5 worker ants
  7 ogre zombies (D:9)
  A worker ant zombie (D:10)
  15 gnolls
  6 river rats (D:9)
  8 adders
  3 shadow imps
  An ooze (D:1)
  2 adder skeletons
  An adder zombie (D:4)
  A worm (D:2)
  3 giant geckos
  37 orcs
  7 giant cockroaches
  24 hobgoblins
  8 jackals
  22 kobolds
  9 quokkas
  A ball python skeleton (D:4)
  8 bats
  5 giant newts
  13 goblins
  2 goblin skeletons (D:9)
  2 goblin zombies (D:9)
  3 hobgoblin skeletons (D:9)
  6 hobgoblin zombies (D:9)
  A jackal skeleton (D:6)
  An orc skeleton (D:9)
  11 orc zombies (D:9)
  2 quokka zombies
  5 rats
360 creatures vanquished.

Vanquished Creatures (collateral kills)
  A killer bee (D:9)
1 creature vanquished.

Vanquished Creatures (others)
  A bush (D:9)
  2 fungi (D:9)
  16 plants (D:9)
19 creatures vanquished.

Grand Total: 380 creatures vanquished

Notes
Turn   | Place    | Note
--------------------------------------------------------------
     0 | D:1      | ErgoProxy the Draconian Wizard began the quest for the Orb.
     0 | D:1      | Reached XP level 1. HP: 14/14 MP: 4/4
   313 | D:1      | Reached XP level 2. HP: 20/20 MP: 1/6
   820 | D:1      | Reached XP level 3. HP: 24/26 MP: 0/7
  1249 | D:1      | Learned a level 3 spell: Mephitic Cloud
  1252 | D:1      | Learned a level 2 spell: Blink
  1278 | D:2      | Noticed Natasha
  1284 | D:2      | Found a burning altar of Makhleb.
  1284 | D:2      | Noticed Jessica
  1781 | D:2      | Killed Jessica
  1781 | D:2      | Reached XP level 4. HP: 19/33 MP: 0/8
  1874 | D:1      | Reached skill level 1 in Air Magic
  2278 | D:1      | Killed Natasha
  2278 | D:1      | Reached skill level 4 in Conjurations
  2278 | D:1      | Reached XP level 5. HP: 35/38 MP: 0/10
  2350 | D:1      | Noticed Natasha
  2354 | D:1      | Killed Natasha
  2543 | D:1      | Learned a level 3 spell: Conjure Flame
  2546 | D:1      | Learned a level 2 spell: Repel Missiles
  3014 | D:2      | Noticed Terence
  3157 | D:2      | Killed Terence
  3301 | D:2      | Found a stormy altar of Qazlal.
  3303 | D:2      | Found an oddly glowing altar of Pakellas.
  3885 | D:3      | Noticed Ijyb
  3892 | D:3      | Killed Ijyb
  3892 | D:3      | Reached XP level 6. HP: 45/45 MP: 3/11
  4531 | D:3      | Found a stormy altar of Qazlal.
  4658 | D:4      | Found a sacrificial altar of Ru.
  4723 | D:4      | Reached skill level 5 in Conjurations
  5232 | D:4      | Reached skill level 5 in Air Magic
  5232 | D:4      | Reached XP level 7. HP: 50/50 MP: 0/12
  5232 | D:4      | Your scales start taking on a glossy black colour.
  5232 | D:4      | Gained mutation: You are resistant to electric shocks. [Black Draconian growth]
  5415 | D:4      | Found an opulent altar of Gozag.
  5714 | D:4      | Noticed Blork the orc
  5767 | D:4      | HP: 2/75 [something/puff of flame (7)]
  5773 | D:4      | HP: 2/75 [something/magic dart (11)]
  5779 | D:4      | HP: 3/75 [something/puff of frost (6)]
  5783 | D:4      | Killed Blork the orc
  6241 | D:4      | HP: 2/50 [worker ant (1)]
  6684 | D:4      | Got a pitted pewter ring
  6685 | D:4      | Identified the ring "Weorak" {rElec Int+3 SInv} (You found it on level 4 of the Dungeon)
  6760 | D:4      | Reached skill level 6 in Conjurations
  6898 | D:5      | Entered Level 5 of the Dungeon
  7320 | D:5      | Noticed Eustachio
  7375 | D:4      | Killed Eustachio
  7375 | D:4      | Reached skill level 7 in Air Magic
  7471 | D:5      | Reached XP level 8. HP: 53/57 MP: 5/13
  8164 | D:5      | Reached skill level 1 in Fighting
  8518 | D:5      | Got a warped rapier
  8520 | D:5      | Identified the +2 rapier of Yrruwies {venom, rF+ rN++ MR+ Dex-4} (You found it on level 5 of the Dungeon)
  8993 | D:5      | Found a glowing silver altar of Zin.
  9090 | D:6      | Noticed Grinder
  9098 | D:6      | Paralysed by Grinder for 2 turns
  9100 | D:6      | Killed Grinder
  9236 | D:6      | Noticed Crazy Yiuf
  9254 | D:6      | Killed Crazy Yiuf
  9379 | D:6      | Found a snail-covered altar of Cheibriados.
  9380 | D:6      | Found a blossoming altar of Fedhas.
  9380 | D:6      | Found a basalt altar of Yredelemnul.
  9380 | D:6      | Found a bloodstained altar of Trog.
  9386 | D:6      | Found a glowing golden altar of the Shining One.
  9723 | D:6      | Found a white marble altar of Elyvilon.
  9810 | D:6      | Found a staircase to the Ecumenical Temple.
  9816 | Temple   | Entered the Ecumenical Temple
  9882 | Temple   | Became a worshipper of Vehumet
 11179 | D:7      | Reached skill level 8 in Conjurations
 11239 | D:7      | Found a deep blue altar of Sif Muna.
 11348 | D:7      | Identified the Compendium of Execration
 11415 | D:7      | Found a sparkling altar of Nemelex Xobeh.
 12043 | D:7      | Reached XP level 9. HP: 53/70 MP: 6/14
 12120 | D:7      | Reached * piety under Vehumet
 12120 | D:7      | Offered knowledge of Sting by Vehumet.
 12191 | D:8      | Reached skill level 1 in Fire Magic
 12584 | D:8      | Found a huge runed gate.
 12585 | D:8      | Found a huge runed gate.
 12586 | D:8      | Noticed a griffon
 12587 | D:8      | Noticed a griffon
 12805 | D:8      | Noticed a griffon
 12807 | D:8      | Noticed a death yak
 12809 | D:8      | Noticed a death yak
 12985 | D:8      | Found a huge runed gate.
 12985 | D:8      | Found a huge runed gate.
 12985 | D:8      | Noticed a polar bear
 12985 | D:8      | Noticed a griffon
 12985 | D:8      | Noticed a polar bear
 13156 | D:8      | Learned a level 5 spell: Silence
 13555 | D:7      | HP: 3/71 [death yak (2)]
 14004 | D:7      | HP: 1/71 [death yak (11)]
 14311 | D:9      | Found a staircase to the Orcish Mines.
 14323 | D:10     | Entered Level 10 of the Dungeon
 14531 | D:10     | Reached skill level 9 in Conjurations
 14701 | D:10     | Found Neopp's Assorted Antiques.
 14885 | D:9      | Noticed Grum
 14934 | D:8      | Reached skill level 5 in Fighting
 14966 | D:8      | Killed a polar bear
 14966 | D:8      | Reached ** piety under Vehumet
 15134 | D:9      | Offered knowledge of Throw Frost by Vehumet.
 15155 | D:9      | Reached XP level 10. HP: 24/81 MP: 6/16
 15181 | D:10     | Gained mutation: You are resistant to hostile enchantments. [potion of mutation]
 15181 | D:10     | Gained mutation: You are somewhat resistant to further mutation. [potion of mutation]
 15691 | D:10     | Reached skill level 5 in Dodging
 16086 | D:9      | Reached skill level 10 in Conjurations
 16354 | D:9      | Offered knowledge of Throw Flame by Vehumet.
 16393 | D:9      | Noticed a hill giant
 16459 | D:9      | Killed a hill giant
 16904 | D:9      | Reached *** piety under Vehumet
 17122 | D:9      | Found a glowing golden altar of the Shining One.
 17932 | D:9      | Reached skill level 11 in Conjurations
 18247 | D:9      | Offered knowledge of Iskenderun's Mystic Blast by Vehumet.
 18304 | D:9      | Killed Grum
 18304 | D:9      | Reached XP level 11. HP: 60/88 MP: 1/17
 18942 | D:9      | Reached **** piety under Vehumet
 19307 | D:9      | Offered knowledge of Bolt of Draining by Vehumet.
 19633 | D:9      | Found a staircase to the Lair.
 19769 | D:9      | Reached skill level 10 in Air Magic
 19803 | D:9      | Found a shadowy altar of Dithmenos.
 20312 | D:11     | Noticed a hill giant
 20323 | D:11     | Killed a hill giant
 20323 | D:11     | Reached skill level 1 in Hexes
 21987 | D:11     | Noticed a skeletal warrior
 21988 | D:11     | Noticed a skeletal warrior
 22047 | D:11     | Reached skill level 5 in Fire Magic
 22111 | D:11     | Killed a skeletal warrior
 22580 | D:11     | Noticed a centaur warrior
 22630 | D:11     | Killed a centaur warrior
 22664 | D:11     | Noticed a skeletal warrior
 22667 | D:11     | Noticed a centaur warrior
 22668 | D:11     | Noticed a skeletal warrior
 22668 | D:11     | Noticed a skeletal warrior
 22710 | D:11     | Shot with an arrow of frost by a centaur warrior

Vault maps used:
D:1:      dpeg_arrival_windows_large_door
D:2:      makhleb_heckhound_becter, gammafunk_temple_overflow_pools,
          first_bread, uniq_jessica, uniq_terence, uniq_natasha
D:3:      grunt_qazlal_clouds, uniq_iyjb
D:4:      minmay_opposing_rooms, nicolae_gozag_cash_rules_everything_around_me,
          nicolae_ru_awakened_eye, st_stairs_4, uniq_blork_the_orc
D:5:      corexii_shantytown, lemuel_coloured_pillars_altar,
          cheibrodos_gnoll_hut, uniq_eustachio
D:6:      minitemple, elyvilon_altar_3, minmay_temple_entry_fiery,
          serial_bayou_pond_c, kennysheep_generic_room_12,
          uniq_crazy_yiuf_cottage, uniq_grinder
D:7:      mumra_celtic_spiral_tile, marbit_many_paths, nemelex_altar_shiori
D:8:      lemuel_bear_cage
D:9:      nicolae_whirlpool, lemuel_crystal_altar, minmay_lair_entry_grove,
          zombieorc2_lemuel, enter_bailey_2, grunt_pizzeria,
          nicolae_tso_carved_into_rock, uniq_grum
D:10:     serial_shops, nicolae_shop_overgrown_old_shop
Temple:   circular_temple_6

Action                   |  1- 3 |  4- 6 |  7- 9 | 10-12 || total
-------------------------+-------+-------+-------+-------++-------
Melee: Unarmed           |     8 |       |       |       ||     8
       Dagger            |    22 |     3 |    37 |       ||    62
       Rapier            |       |       |    36 |    67 ||   103
 Fire: Blowgun           |       |     2 |     8 |       ||    10
 Cast: Magic Dart        |    93 |   170 |   527 |   698 ||  1488
       Mephitic Cloud    |     2 |     9 |    29 |    39 ||    79
       Conjure Flame     |       |     2 |     9 |    19 ||    30
       Repel Missiles    |       |       |     1 |     4 ||     5
       Blink             |       |       |       |     2 ||     2
 Abil: Breathe Lightning |       |       |    15 |    12 ||    27
Evoke: Wand              |       |       |       |     3 ||     3
  Use: Scroll            |       |     5 |    17 |     4 ||    26
       Potion            |       |       |    12 |     9 ||    21
 Stab: Confused          |       |     1 |       |       ||     1
  Eat: Chunk             |     2 |    12 |    21 |    12 ||    47
       Bread ration      |       |       |     3 |     3 ||     6
       Pizza             |       |       |     1 |     1 ||     2
       Beef jerky        |       |       |       |     1 ||     1
